Kradschützen Motorcycle Team
Kradschützen Motorcycle Team
Construct Light Support Kompanie
Selects Armored Support Battlegroup
Selects Superior Fire Drills
Construct Mechanized Kompanie
Panzerjäger Mechanized Group
Marder III Tank Destroyer
Selects Flammpanzer III Medium Tank
Flammpanzer III Medium Tank
Selects Command Panzer IV F Medium Tank
Command Panzer IV F Medium Tank
Flammpanzer III Medium Tank
Construct Panzerarmee Kommand
Selects Stuka Anti-tank Loiter